 Dungeon Crawl Stone Soup version 0.29.1-1-gd02db6906a (webtiles) character file.

Game seed: 3264867188601655501

28 Chimkentus the Scratcher (level 2, 0/12 HPs)
             Began as a Felid Transmuter on Oct 16, 2022.
             Constricted to death by a ball python (1 damage)
             ... on level 2 of the Dungeon.
             The game lasted 00:03:23 (1721 turns).

Chimkentus the Scratcher (Felid Transmuter)         Turns: 1721, Time: 00:03:24

Health: 0/12       AC:  1    Str:  6    XL:     2   Next: 96%
Magic:  5/6        EV: 14    Int: 14    God:
Gold:   52         SH:  0    Dex: 16    Spells: 2/5 levels left
                                        Lives:  0   Deaths: 0

rFire   . . .      SeeInvis +     - Unarmed
rCold   . . .      Faith    .   (shield unavailable)
rNeg    . . .      Spirit   .   (body armour unavailable)
rPois   .          Reflect  .   (helmet unavailable)
rElec   .          Harm     .   (cloak unavailable)
rCorr   +          Rampage  .   (gloves unavailable)
Will    .....                   (boots unavailable)
Stlth   ++........              (no amulet)
HPRegen 0.04/turn               c - ring of resist corrosion
MPRegen 0.10/turn               (no ring)

@: appendages, constricted, quick
A: horns 2, very small, claws 1, fangs 3, see invisible, speed 1, shaggy fur 1,
stealthy paws, no weapons or thrown items, no armour, multi-lived
a: End Transformation


You were on level 2 of the Dungeon.
You had temporarily grown beastly horns.
You visited 1 branch of the dungeon, and saw 2 of its levels.

You collected 52 gold pieces.

Inventory:

Jewellery
 c - a ring of resist corrosion (left paw)
Scrolls
 b - a scroll of torment {unknown}
 e - 2 scrolls of teleportation {unknown}
 f - a scroll of butterflies {unknown}
 g - a scroll of blinking {unknown}
 h - a scroll of noise {unknown}
 i - a scroll of poison {unknown}
 k - a scroll of magic mapping {unknown}
 l - a scroll of vulnerability {unknown}
Potions
 a - a potion of lignification
 d - 2 potions of curing {unknown}
 j - a potion of mutation {unknown}


   Skills:
 * Level 1.4 Fighting
 + Level 2.8 Dodging
 * Level 1.3 Stealth
 + Level 3.2 Unarmed Combat
 + Level 2.1 Spellcasting
 * Level 2.8 Transmutations


You had 2 spell levels left.
You knew the following spells:

 Your Spells              Type           Power      Damage    Failure   Level
a - Beastly Appendage     Tmut           18%        N/A       8%          1
b - Wereblood             Tmut           9%         N/A       11%         2

Your spell library contained the following spells:

 Spells                   Type           Power      Damage    Failure   Level
 Summon Small Mammal      Summ           4%         N/A       24%         1
 Spider Form              Tmut/Pois      5%         N/A       36%         3
 Call Canine Familiar     Summ           1%         N/A       56%         3
 Summon Guardian Golem    Hex/Summ       1%         N/A       56%         3
 Ice Form                 Ice/Tmut       5%         N/A       78%         4


Dungeon Overview and Level Annotations

Branches:
Dungeon (2/15)

Altars:


Innate Abilities, Weirdness & Mutations

You have temporarily grown beastly horns.
You have sharp claws.
You have razor-sharp teeth.
You have supernaturally acute eyesight. (SInv)
You cover ground quickly. (Speed+)
You are covered in fur. (AC +1)
Your paws help you pounce on unaware monsters.
You are incapable of wielding weapons or throwing items.
You cannot wear armour.
You gain extra lives every three experience levels.


Message History

Done exploring.
Done exploring.
You see here 4 poisoned darts.
There is an open door here.
You see here a +0 dagger.
There is an open door here.
There is a stone staircase leading down here.
You climb downwards.
Found three items.
Found a stone staircase leading up and a stone staircase leading down.
There is a stone staircase leading up here.
l - a scroll labelled SENYSIY OMEEP
Okay, then.
A ball python comes into view.
A goblin comes into view. It is wielding a +0 club.
The goblin shouts!
The ball python hisses angrily.
There is a stone staircase leading up here.
Casting: Beastly Appendage (safe; 8% risk of failure)
Confirm with . or Enter, or press ? or * to list all spells.
You grow a pair of large bovine horns.
The ball python completely misses you. The ball python barely misses you.
You closely miss the ball python. The ball python barely misses you.
The ball python misses you.
You closely miss the ball python. The ball python bites you.
The ball python grabs you. The ball python constricts you.
You barely miss the ball python. The ball python misses you.
The ball python constricts you.
You scratch the ball python.
The ball python is moderately wounded.
The ball python bites you. The ball python constricts you.
The ball python's grasp on you weakens, but your attempt to escape fails.
The ball python barely misses you. The ball python constricts you.
The goblin closely misses you. The ball python barely misses you.
The ball python constricts you.
* * * LOW HITPOINT WARNING * * *
The ball python's grasp on you weakens, but your attempt to escape fails.
The goblin hits you but does no damage. The ball python bites you.
* * * LOW HITPOINT WARNING * * *
The ball python constricts you.
You die...

... #########
....##...#...##
....#....(....##
...............#
..............#
#..<.........
#.........#
#.<.#.$.#
###@....# .
##.Sg.####
#..#####.....#
#...g......#.#
#....?..###.>#
....##......##
##. ......#.#
........#.#
......###.S..


You could see a goblin and a ball python.

Vanquished Creatures
  2 bats (D:1)
  An endoplasm (D:1)
  A giant cockroach (D:1)
  3 goblins (D:1)
  A hobgoblin (D:1)
  6 kobolds (D:1)
  2 quokkas (D:1)
  5 ball pythons (D:1)
  A frilled lizard (D:1)
  4 rats (D:1)
26 creatures vanquished.

Notes
Turn   | Place    | Note
-------+----------+-------------------------------------------
     0 | D:1      | Chimkentus the Felid Transmuter began the quest for the
                  | Orb.
     0 | D:1      | Reached XP level 1. HP: 9/9 MP: 4/4
   378 | D:1      | Reached XP level 2. HP: 9/12 MP: 4/6
   381 | D:1      | Learned a level 2 spell: Wereblood
   616 | D:1      | Reached skill level 1 in Stealth
  1644 | D:1      | Found a faded altar of an unknown god.
  1721 | D:2      | Constricted to death by a ball python

Illustrated notes

Levels and vault maps discovered:
D:1:      wander_arrival_fairy_ring, layout_loops_corners,
          hellmonk_ecumenical_altar_leap_of_faith, minmay_misc_feat_iff
D:2:      layout_rooms, lexackson_kobold_supper

Skill      XL: |  1  2 |
---------------+-------+-----
Stealth        | 1 |  1.3
Fighting       | |  1.4
Dodging        | |  2.8
Unarmed Combat | |  3.2
Spellcasting   | |  2.1
Transmutations | |  2.8

Action                   || total
-------------------------++-------
Melee: Unarmed           ||    64
       Bite              ||     7
       Headbutt          ||     6
 Cast: Beastly Appendage ||    20
 Stab: Sleeping          ||     3
Armor: Skin              ||     5
Dodge: Dodged            ||    60
